 Dungeon Crawl Stone Soup version 0.31-a0-188-g5e087ee2ca (webtiles) character file.

Game seed: 6230061989120920321

51 qw the Shooter (level 3, 0/20 HPs)
             Began as a Deep Elf Hunter on June 23, 2023.
             Slain by a gnoll
             ... wielding a +0 spear
              (3 damage)
             ... on level 2 of the Dungeon.
             The game lasted 00:00:21 (1067 turns).

qw the Shooter (Deep Elf Hunter)                    Turns: 1067, Time: 00:00:22

Health: 0/20       AC:  3    Str: 10    XL:     3   Next: 57%
Magic:  5/5        EV: 12    Int: 13    God:
Gold:   43         SH:  0    Dex: 18    Spells: 2/2 levels left

rFire   . . .        Y - +0 shortbow
rCold   . . .        (shield currently unavailable)
rNeg    . . .        c - +0 leather armour
rPois   .            (no helmet)
rElec   .            (no cloak)
rCorr   .            (no gloves)
SInv    .            (no boots)
Will    .....        (no amulet)
Stlth   ++           (no ring)
HPRegen 0.23/turn    (no ring)
MPRegen 0.09/turn

%: no passive effects
@: no status effects
A: no striking features
a: no special abilities


You were on level 2 of the Dungeon.
You visited 1 branch of the dungeon, and saw 2 of its levels.

You collected 43 gold pieces.


   Skills:
 - Level 1.5 Fighting
 + Level 7.1 Ranged Weapons
 - Level 2.4 Dodging
 - Level 1.2 Stealth


You had 2 spell levels left.
You didn't know any spells.
Your spell library was empty.

Inventory:

Hand Weapons
 Y - a +0 shortbow (weapon)
Armour
 c - a +0 leather armour (worn)
Potions
 a - a potion of mutation {unknown}
 e - 2 potions of brilliance {unknown}

Dungeon Overview and Level Annotations

Branches:
Dungeon (2/15)

Altars:

Shops:
D:1 =


Message History

The gnoll shouts!
You hear a shout!
You shoot an arrow. The gnoll shouts!
The arrow hits the gnoll!
The gnoll is heavily wounded.
A gnoll comes into view. It is wielding a +0 spear.
You shoot an arrow. The arrow hits the gnoll.
The gnoll is severely wounded.
A gnoll comes into view. It is wielding a +0 spear.
1058 ||| Stepping ~*~*~tactically~*~*~ (outnumbered).
You shoot an arrow. The arrow closely misses the gnoll.
You shoot an arrow. The arrow barely misses the gnoll.
The gnoll closely misses you.
You shoot an arrow.
The arrow hits the gnoll but does no damage.
The gnoll is severely wounded.
The gnoll hits you but does no damage.
You shoot an arrow. The arrow completely misses the gnoll.
The arrow hits the gnoll.
The gnoll is moderately wounded.
The gnoll hits you with a +0 whip!
The gnoll hits you from afar with a +0 spear.
You shoot an arrow. The arrow barely misses the gnoll. x2
The gnoll hits you with a +0 whip.
The gnoll hits you from afar with a +0 spear.
You shoot an arrow. The arrow hits the gnoll.
The gnoll is almost dead.
The gnoll barely misses you. The gnoll closely misses you.
You shoot an arrow. The arrow hits the gnoll.
You kill the gnoll!
The gnoll hits you from afar with a +0 spear.
Your Ranged Weapons skill increases to level 7!
You shoot an arrow. The arrow completely misses the gnoll.
The gnoll hits you from afar with a +0 spear.
The gnoll barely misses you. The gnoll closely misses you. x2
You shoot an arrow.
The arrow hits the gnoll but does no damage.
The gnoll is moderately wounded.
The gnoll hits you from afar with a +0 spear.
You die...

######.###########
#.g.ggg..#........
#g# #.####### #@#
#.# #.# #.# #.#
#.# #.########.#
#..........#
############


You could see 2 gnolls.

Vanquished Creatures
  A gnoll (D:2)
  2 dart slugs (D:1)
  6 bats (D:1)
  4 endoplasms
  2 giant cockroaches (D:1)
  3 goblins (D:1)
  3 hobgoblins (D:1)
  6 jackals (D:1)
  2 kobolds (D:1)
  A ball python (D:1)
  A frilled lizard (D:1)
31 creatures vanquished.

Notes
Turn   | Place    | Note
-------+----------+-------------------------------------------
     0 | D:1      | qw the Deep Elf Hunter began the quest for the Orb.
     0 | D:1      | Reached XP level 1. HP: 12/12 MP: 3/3
     0 | D:1      | 0 ||| qw: Version: 0.3-a-9-g12657ce
     0 | D:1      | 0 ||| qw: Game counter: 3382
     0 | D:1      | 0 ||| qw: Always use a shield: true
     0 | D:1      | 0 ||| qw: God list: Okawaru
     0 | D:1      | 0 ||| qw: Allow faded altars: false
     0 | D:1      | 0 ||| qw: Do Orc after D:15 true
     0 | D:1      | 0 ||| qw: Do second Lair branch before Depths: true
     0 | D:1      | 0 ||| qw: Lair rune preference: random
     0 | D:1      | 0 ||| qw: Plans: Normal
     0 | D:1      | 0 ||| PLANNING D:1-11
   231 | D:1      | Reached skill level 6 in Ranged Weapons
   231 | D:1      | Reached XP level 2. HP: 16/16 MP: 4/4
   519 | D:1      | Found Felazass's Jewellery Boutique.
   526 | D:1      | 526 ||| SHOPLISTING +4 ring of protection (360 gold, have
                  | 16).
   526 | D:1      | 526 ||| SHOPLISTING +6 ring of dexterity (360 gold, have
                  | 16).
   526 | D:1      | 526 ||| SHOPLISTING ring of positive energy (200 gold, have
                  | 16).
   526 | D:1      | 526 ||| SHOPLISTING ring of willpower (250 gold, have 16).
   670 | D:1      | Reached XP level 3. HP: 20/20 MP: 5/5
   937 | D:1      | 937 ||| READING scroll labelled PYQA PEUGOATU.
   938 | D:1      | 938 ||| READING scroll labelled BUZAIH QACYEJE.
   939 | D:1      | 939 ||| DROPPING scroll of butterflies.
  1058 | D:2      | 1058 ||| Stepping ~*~*~tactically~*~*~ (outnumbered).
  1065 | D:2      | HP: 4/20 [gnoll/+0 spear (2)]
  1066 | D:2      | Reached skill level 7 in Ranged Weapons
  1067 | D:2      | Slain by a gnoll

Levels and vault maps discovered:
D:1:      mrwooster_arrival_arrow, layout_basic, serial_shops, shop,
          serial_bayou_lagoon_a
D:2:      layout_basic

Skill      XL: |  1  2  3 |
---------------+----------+-----
Ranged Weapons | 6 7 |  7.1
Fighting       | |  1.5
Dodging        | |  2.4
Stealth        | |  1.2

Action                     || total
---------------------------++-------
   Fire: Shortbow          ||    96
    Use: Scroll            ||     2
 Armour: Leather armour    ||    13
  Dodge: Dodged            ||    35

Table legend:
 A = Non-vault XP
 B = Vault XP
 C = Vault XP percentage of total XP
 D = Non-vault monster count
 E = Vault monster count
 F = Vault count percentage of total count
                 A         B        C        D         E       F
            +---------+---------+-------+---------+---------+-------
      Total |      73 |       0 |   0.0 |      31 |       0 |   0.0
            +---------+---------+-------+---------+---------+-------
        D:1 |      56 |       0 |   0.0 |      29 |       0 |   0.0
        D:2 |      17 |       0 |   0.0 |       2 |       0 |   0.0
            +---------+---------+-------+---------+---------+-------
